Map: Ruby Rock LE

Players

SAKAMOTO

  • Race: Terran Terran
  • League: Master
  • Spawn Location: 5:00

HoldTheDoor - Winner!

  • Race: Protoss Protoss
  • League: Diamond
  • Spawn Location: 11:00

VOD

Have the link to the VOD?

Description

Time

  • Played on: May 26, 2026, 12:01 p.m.
  • Length: 11:27
Show
View Real Time Build Order
Export as new Build Order

SAKAMOTO Terran 

Build Orders: Liberator Opening 

Get SALT Encoding   

  12  0:00  SCV  
  13  0:12  SCV  
  14  0:16  Supply Depot  
  14  0:25  SCV  
  15  0:38  SCV  
  15  0:40  Barracks  
  16  0:50  SCV  
  16  0:52  Refinery  
  17  1:02  SCV  
  17  1:03  Refinery  
  18  1:14  SCV  
  19  1:26  Barracks  
  19  1:28  Marine  
  20  1:44  Barracks  
  20  1:46  Marine  
  21  1:47  Factory  
  21  1:48  Barracks  
  21  2:02  Supply Depot  
  21  2:04  Marine  
  22  2:10  Orbital Command  
  22  2:21  Marine  
  23  2:36  Barracks Reactor  
  23  2:37  Factory Tech Lab  
  23  2:39  Marine  
  23  2:43  SCV  
  25  2:55  SCV  
  25  2:57  Marine  
  25  2:58  Siege Tank  
  30  3:07  SCV  
  31  3:13  Starport  
  31  3:20  Supply Depot  
  31  3:41  Marine x3, Siege Tank  
  38  3:52  Liberator  
  40  3:59  Marine x3  
  40  4:01  Supply Depot  
  43  4:16  Marine x3  
  43  4:22  Cyclone  
  49  4:34  Liberator  
  52  4:43  Supply Depot  
  45  5:09  Siege Tank  
  48  5:23  Bunker  
  48  5:40  Marine x2  
  48  5:41  Marine  
  51  5:45  Bunker  
  43  5:58  Marine  
  41  6:10  Marine x2  
  43  6:16  Marine, SCV  
  45  6:20  Bunker  
  45  6:28  Marine x2  
  45  6:34  Marine  
  46  6:42  Bunker  
  46  6:56  Siege Tank  
  49  7:06  Marine x2  
  47  7:28  Siege Tank  
  49  7:35  Bunker  
  44  7:53  Marine x2  
  45  8:00  Siege Tank  
  48  8:15  Bunker  
  38  8:32  Marine x3, Siege Tank  
  35  8:49  Marine  
  35  8:54  Marine x2  
  35  8:56  Liberator  
  38  9:03  Barracks  
  38  9:04  Barracks  
  38  9:07  Marine, Command Center  
  37  9:26  Marine x2  
  37  9:29  Marine  
  37  9:30  Stimpack  
  39  9:39  Liberator  
  39  9:44  Marine  
  40  9:48  SCV  
  41  9:53  Marine x2  
  43  10:00  SCV  
  43  10:02  Marine  
  43  10:03  Marauder, Marine  
  48  10:11  Marine x2  
  50  10:24  Marauder  
Show
View Real Time Build Order
Export as new Build Order

HoldTheDoor Protoss - Winner!

Build Orders: 1 Gate Expand 

Get SALT Encoding   

  12  0:00  Probe  
  13  0:12  Probe  
  14  0:17  Pylon  
  14  0:23  Probe  
  15  0:31  Probe  
  15  0:38  Gateway  
  15  0:39  Probe  
  17  0:51  Probe  
  17  0:53  Assimilator  
  18  1:03  Probe  
  19  1:08  Pylon  
  19  1:15  Probe  
  20  1:27  Probe  
  20  1:32  Cybernetics Core  
  21  1:42  Nexus  
  21  1:45  Pylon  
  21  1:48  Probe  
  22  1:55  Assimilator  
  22  1:59  Adept  
  22  2:00  Probe  
  22  2:01  Warp Gate  
  23  2:13  Probe  
  26  2:25  Probe  
  26  2:27  Pylon  
  27  2:32  Sentry  
  29  2:37  Probe  
  30  2:49  Probe  
  30  2:51  Gateway  
  31  2:54  Robotics Facility  
  31  2:55  Probe  
  32  3:01  Probe  
  33  3:07  Probe  
  34  3:13  Probe  
  34  3:15  Shield Battery  
  34  3:18  Shield Battery  
  34  3:19  Stalker, Probe  
  36  3:25  Probe  
  39  3:31  Probe  
  40  3:39  Immortal  
  40  3:44  Probe  
  40  3:45  Probe  
  46  3:52  Adept  
  48  4:03  Adept  
  48  4:07  Pylon  
  48  4:09  Gateway  
  50  4:12  Immortal  
  54  4:27  Pylon, Adept x2  
  54  4:29  Pylon  
  54  4:31  Probe  
  59  4:48  Adept x2  
  63  4:59  Immortal  
  55  5:04  Stalker  
  55  5:15  Stalker x2  
  59  5:32  Stalker  
  47  5:57  Stalker x3  
  53  6:04  Immortal  
  43  6:18  Probe  
  48  6:21  Stalker x3  
  54  6:29  Pylon  
  54  6:32  Gateway  
  52  6:34  Immortal, Gateway  
  52  6:46  Stalker  
  58  6:48  Zealot  
  58  6:50  Zealot  
  62  6:58  Shield Battery  
  56  7:19  Zealot x3  
  60  7:26  Stargate  
  60  7:28  Gateway  
  54  7:30  Gateway  
  54  7:31  Adept  
  54  7:32  Adept  
  56  7:46  Adept x3  
  60  7:55  Stalker x2  
  64  8:00  Probe  
  64  8:04  Assimilator  
  65  8:07  Zealot x3  
  49  8:28  Stalker x4  
  49  8:30  Zealot x3  
  59  8:47  Immortal  
  57  8:53  Zealot x2  
  57  8:54  Zealot x5  
  65  9:17  Stalker x2  
  65  9:21  Probe  
  70  9:28  Pylon  
  70  9:33  Assimilator  
  70  9:36  Pylon  
  70  9:39  Pylon  
  68  9:47  Adept  
  68  9:48  Adept x4  
  78  9:58  Pylon  
  78  10:01  Pylon  
  78  10:02  Phoenix  
  78  10:03  Pylon  
  78  10:06  Immortal  
  84  10:10  Robotics Bay  
  84  10:15  Zealot x3  
  84  10:16  Zealot x4  
  98  10:21  Twilight Council  
  98  10:24  Forge  
  98  10:27  Phoenix  
  100  10:31  Probe x2  
  102  10:36  Sentry  
  87  11:11  Stalker x5  
  87  11:12  Stalker  
Tags
 
Add a new tag
Caveats
  • Supply blocks, unpowered buildings, or Contaminate may cause inaccurate times.
  • Supply counts are checked every 10 seconds.